 Dungeon Crawl Stone Soup version 0.30-a0-159-g068b764562 (webtiles) character file.

Game seed: 11587517297940539674

124652 drugrobin the Warrior (level 15, -9/143 HPs)
             Began as a Demigod Delver on Sept 27, 2022.
             Mangled by Nikola
             ... wielding a +0 rapier of electrocution
              (14 damage)
             ... on level 2 of the Shoals.
             The game lasted 02:18:42 (40550 turns).

drugrobin the Warrior (Demigod Delver)             Turns: 40550, Time: 02:18:43

Health: -9/143     AC:  8    Str: 21    XL:     15   Next: 93%
Magic:  0/31       EV: 20    Int: 20    God:
Gold:   216        SH:  0    Dex: 19    Spells: 1/30 levels left

rFire   . . .      SeeInvis .    b - +2 dagger (venom)
rCold   . . .      Faith    .    (no shield)
rNeg    . . .      Spirit   +    X - +0 troll leather armour
rPois   +          Reflect  .    U - +2 hat
rElec   .          Harm     .    o - +0 cloak {Stlth+}
rCorr   .          Rampage  .    (no gloves)
Will    .....                    x - +0 pair of boots
Stlth   ++++......               V - amulet of guardian spirit
HPRegen 1.13/turn                w - +4 ring of slaying
MPRegen 0.22/turn                F - ring of poison resistance

@: weak-willed
A: high MP 1, forlorn, divine attributes
a: no special abilities


You were on level 2 of the Shoals.
You visited 5 branches of the dungeon, and saw 26 of its levels.
You also visited: Ice Cave and Volcano.

You collected 2290 gold pieces.
You spent 2074 gold pieces at shops.

Inventory:

Hand Weapons
 a - the +11 falchion "Zetteemp" {drain, rCorr Str+5}
   (You bought it in a shop on level 4 of the Dungeon)

   A truly terrible weapon, it drains the life of any living foe it strikes.
   Str:       It affects your strength (+5).
   rCorr:     It protects you from acid and corrosion.
 b - a +2 dagger of venom (weapon)
 c - a +0 rapier of protection
 f - a +3 scimitar of flaming
Missiles
 h - 12 javelins (quivered)
 u - 2 curare-tipped darts
 B - 3 throwing nets
Armour
 g - a +3 leather armour of fire resistance
 o - a +0 cloak of stealth (worn)
 s - +0 ice dragon scales
 x - a +0 pair of boots (worn)
 z - an orb of mayhem
 U - a +2 hat (worn)
 X - a +0 troll leather armour (worn)
Jewellery
 p - a ring of see invisible
 w - a +4 ring of slaying (left hand)
 E - a ring of wizardry
 F - a ring of poison resistance (right hand)
 R - a ring of fire
 S - a ring of resist corrosion
 V - an amulet of guardian spirit (around neck)
Wands
 d - a wand of mindburst (7)
 j - a wand of iceblast (20)
 l - a wand of polymorph (7)
 y - a wand of paralysis (12)
 P - a wand of acid (15)
Scrolls
 e - a scroll of magic mapping
 k - 3 scrolls of blinking
 r - a scroll of fog
 A - 2 scrolls of butterflies
 G - 13 scrolls of teleportation
 K - 3 scrolls of immolation
 O - 2 scrolls of summoning
 Q - 6 scrolls of poison
 Z - 2 scrolls of vulnerability
Potions
 m - 3 potions of haste
 q - a potion of cancellation
 t - 2 potions of berserk rage
 v - a potion of might
 D - 5 potions of attraction
 J - a potion of resistance
 L - 11 potions of curing
 N - 4 potions of lignification
 W - a potion of ambrosia
Miscellaneous
 C - a piece from Xom's chessboard (15/15)
 Y - a phial of floods


   Skills:
 + Level 15.8 Fighting
 - Level 10.0 Short Blades
 - Level 12.0 Dodging
 - Level 4.5 Stealth
 - Level 8.0 Spellcasting
 + Level 13.1 Hexes
 - Level 8.0 Evocations


You had one spell level left.
You knew the following spells:

 Your Spells              Type           Power      Damage    Failure   Level
a - Slow                  Hex            100%       N/A       1%          1
b - Confusing Touch       Hex            57%        N/A       1%          3
c - Fulminant Prism       Conj/Hex       17%        3d11      7%          4
d - Swiftness             Air            8%         N/A       28%         3
e - Ensorcelled Hibernat  Hex/Ice        68%        N/A       1%          2
f - Wereblood             Tmut           8%         N/A       14%         2
g - Mephitic Cloud        Conj/Pois/Air  8%         N/A       28%         3
h - Dazzling Flash        Conj/Hex       68%        N/A       1%          3
i - Discord               Hex            28%        N/A       96%         8

Your spell library contained the following spells:

 Spells                   Type           Power      Damage    Failure   Level
 Apportation              Tloc           16%        N/A       10%         1
 Beastly Appendage        Tmut           16%        N/A       10%         1
 Freeze                   Ice            32%        1d5       10%         1
 Magic Dart               Conj           32%        1d4       10%         1
 Shock                    Conj/Air       32%        1d5       10%         1
 Sting                    Tmut/Pois      32%        1d4       10%         1
 Cigotuvi's Dreadful Rot  Necr/Pois/Air  16%        N/A       14%         2
 Passwall                 Tmut/Erth      6%         N/A       14%         2
 Poisonous Vapours        Pois/Air       16%        N/A       14%         2
 Searing Ray              Conj           16%        2d5       14%         2
 Silence                  Hex/Air        17%        N/A       19%         5
 Yara's Violent Unravell  Hex/Tmut       17%        3d8       19%         5
 Frozen Ramparts          Ice            16%        1d3       28%         3
 Hailstorm                Conj/Ice       8%         3d4       28%         3
 Ignite Poison            Fire/Tmut/Pois 8%         N/A       28%         3
 Kindle Blastsparks       Fire/Tloc/Air  16%        2d11      28%         3
 Lesser Beckoning         Tloc           8%         N/A       28%         3
 Spider Form              Tmut/Pois      8%         N/A       28%         3
 Stone Arrow              Conj/Erth      16%        3d8       28%         3
 Vampiric Draining        Necr           8%         2d6       28%         3
 Enfeeble                 Hex            28%        N/A       36%         7
 Airstrike                Air            4%         2d(1-17)  67%         4
 Animate Armour           Summ/Erth      16%        N/A       67%         4
 Dispel Undead            Necr           8%         3d8       67%         4
 Flame Wave               Conj/Fire      8%         2d5       67%         4
 Olgreb's Toxic Radiance  Pois           8%         N/A       67%         4
 Agony                    Necr           8%         N/A       95%         5
 Alistair's Intoxication  Tmut/Pois      5%         N/A       95%         5
 Freezing Cloud           Conj/Ice/Air   4%         6-21      95%         5
 Conjure Ball Lightning   Conj/Air       4%         3x3d6     100%        6
 Death Channel            Necr           4%         N/A       100%        6
 Starburst                Conj/Fire      4%         6d3       100%        6
 Disjunction              Tloc           4%         N/A       100%        8
 Lehudib's Crystal Spear  Conj/Erth      4%         10d3      100%        8


Dungeon Overview and Level Annotations

Branches:
Dungeon (14/15)            Temple (0/1) D:4            Lair (5/5) D:9
 Shoals (3/4) Lair:2        Snake (2/4) Lair:3        Slime (0/5) Lair:4
    Orc (2/2) D:12            Elf (0/3) Orc:2        Vaults (0/5) D:14
  IceCv (visited)         Volcano (visited)

Shops:
D:4 **   Orc:1 (   Orc:2 [(=*   Shoals:1 :   Snake:2 *

Annotations:
Lair:4 1 runed translucent door
Shoals:2 Nikola
Snake:1 exclusion: downstairs
Snake:2 Vashnia


Innate Abilities, Weirdness & Mutations

You have an increased reservoir of magic. (+10% MP)
You shall have no god before yourself.
Your divine heritage dramatically boosts your attributes as you level up.


Message History

* * * LOW HITPOINT WARNING * * *
You are electrocuted!
* * * LOW HITPOINT WARNING * * *
Unknown command.
Unknown command.
Unknown command.
You feel much better. The water elemental misses you.
Nikola hits you with a +0 rapier of electrocution!
* * * LOW HITPOINT WARNING * * *
Unknown command.
Unknown command.
Unknown command.
Unknown command.
You hit Nikola.
Nikola looks as sick as possible!
Nikola is heavily wounded.
The water elemental misses you.
Unknown command.
Unknown command.
You puncture Nikola!
Nikola looks as sick as possible!
Nikola is heavily wounded.
Nikola hits you with a +0 rapier of electrocution!
* * * LOW HITPOINT WARNING * * *
Unknown command.
Unknown command.
Unknown command.
You hit Nikola.
Nikola is heavily wounded.
The water elemental barely misses you.
Unknown command.
Unknown command.
Unknown command.
Unknown command.
You catch the helpless Nikola completely off-guard!
You impale Nikola!!
Nikola is severely wounded.
Nikola chortles and stares into space.
Nikola hits you with a +0 rapier of electrocution!
* * * LOW HITPOINT WARNING * * *
You are electrocuted!
You die...

.####P.PPP~.....~
...###.....PPPP>.
~≈... ...#
###P...P### ≈~...
...# #....#####
..~... ..##
#..####..# ......
..## #.P#
#...##..PP~. ...#
#..###.....$P~~PP
...##
#..>##.....~~~~~~
#...## #.<.#
#.@~~~~~~≈ .....#
#...# #>E@.~P~≈≈
.....# #..##
##.~~..~P≈≈
~~..####..#
##..~~~~~~≈≈
~~.)###...#
#...~~~~~≈≈≈
~~~.##....#
#.P~~P≈≈≈≈≈≈
≈~~......##
#[.~P≈≈≈≈≈≈≈
≈≈~.....##
##.P~~≈≈≈≈≈≈≈
≈≈~~~~..#
##..PPP≈≈≈≈≈≈


You could see Nikola (confused, extremely poisoned, weak-willed) and a water
elemental.

Vanquished Creatures
  Asterion (Snake:1)
  A nagaraja (Snake:2)
  Aizul (Snake:1)
  An orc warlord (Orc:1)
  4 dire elephants (Lair:5)
  Fannar (Lair:2)
  4 hydras
  Erica (D:10)
  5 centaur warriors
  An alligator snapping turtle (Shoals:2)
  An ogre mage (D:14)
  4 anacondas
  3 boulder beetles
  A catoblepas (D:14)
  4 two-headed ogres
  A merfolk avatar (Shoals:1)
  10 death yaks
  2 naga sharpshooters
  6 naga warriors
  3 shock serpents
  8 orc high priests
  A tengu warrior (D:14)
  Urug (Lair:3)
  A spectral death yak (Lair:5)
  6 sea snakes (Shoals:1)
  7 skeletal warriors
  A spectral anaconda (Lair:5)
  A bog body (IceCv)
  4 necromancers
  Pikel (D:7)
  A lindwurm (Lair:5)
  2 deep elf pyromancers
  An obsidian statue (Lair:5)
  7 harpies (Shoals:1)
  2 orc sorcerers
  8 fauns
  4 orc knights
  3 mana vipers
  6 cyclopes
  6 manticores
  3 salamanders
  3 ugly things
  3 merfolk sirens (Shoals:1)
  2 guardian serpents (Snake:2)
  2 ice statues (IceCv)
  5 naga magi
  11 elephants
  6 black mambas
  A water nymph (Shoals:1)
  An unseen horror (D:10)
  3 gargoyles
  2 dire elephant skeletons (Lair:5)
  2 molten gargoyles (Lair:4)
  18 cane toads
  A kobold demonologist (D:14)
  A yaktaur (D:9)
  A torpor snail (Lair:2)
  4 rime drakes
  A tengu conjurer (D:14)
  4 ice devils (IceCv)
  An efreet (Volcano)
  10 komodo dragons
  3 anaconda simulacra (IceCv)
  6 trolls
  8 polar bears
  Grinder (D:6)
  6 merfolk
  A spectral elephant (Lair:5)
  12 dream sheep (Lair:4)
  14 blink frogs
  2 snapping turtles
  2 dire elephant simulacra (IceCv)
  A shadow (D:12)
  2 water elementals (Shoals:2)
  6 wyverns
  4 wraiths
  A vampire (D:9)
  31 yaks
  A fire elemental (Volcano)
  13 vampire mosquitoes
  2 basilisks
  Menkaure (D:6)
  3 steam dragons
  2 harpy simulacra (IceCv)
  A spectral cane toad (Lair:5)
  2 wargs
  An acid dragon (D:9)
  Edmund (D:5)
  3 hydra simulacra (IceCv)
  A two-headed ogre zombie (D:12)
  17 nagas
  8 water moccasins
  A black bear (Lair:3)
  3 ice beasts
  28 orc warriors
  A sky beast (D:6)
  11 ogres
  An elephant zombie (Lair:5)
  8 wolves
  13 centaurs
  2 elephant skeletons (Lair:5)
  2 phantoms (D:12)
  A lemure (D:7)
  6 kobold brigands
  A gnoll sergeant (D:9)
  15 bullfrogs
  A cane toad simulacrum (Lair:5)
  2 scorpions
  4 wights (D:9)
  A troll zombie (D:12)
  4 elephant simulacra
  4 killer bees (D:8)
  3 electric eels
  8 howler monkeys
  5 lava snakes (Lair:4)
  2 hounds
  14 orc priests
  Crazy Yiuf (D:7)
  3 gnoll boudas
  Ijyb (D:5)
  14 orc wizards
  2 iguanas
  A polar bear simulacrum (IceCv)
  6 hell rats (Lair:4)
  6 ogre zombies (D:12)
  19 gnolls
  6 adders
  A naga simulacrum (IceCv)
  4 white imps
  2 ufetubi
  2 worms
  3 dart slugs
  59 orcs
  6 endoplasms
  3 giant cockroaches
  9 goblins
  6 hobgoblins
  5 quokkas
  5 ball pythons
  3 bats
  5 frilled lizards
  A goblin skeleton (D:12)
  2 hobgoblin skeletons (D:12)
  3 hobgoblin zombies (D:12)
  17 kobolds
  2 orc skeletons (D:12)
  17 orc zombies (D:12)
  3 rats
725 creatures vanquished.

Vanquished Creatures (others)
  A merfolk siren (Shoals:1)
  A demonic plant (D:1)
  17 fulminant prisms
  82 fungi
  103 plants
  25 withered plants (Lair:5)
229 creatures vanquished.

Grand Total: 954 creatures vanquished

Notes
Turn   | Place    | Note
-------+----------+-------------------------------------------
     0 | D:5      | drugrobin the Demigod Delver began the quest for the Orb.
     0 | D:5      | Reached XP level 1. HP: 18/18 MP: 3/3
    31 | D:5      | Noticed a hound
    56 | D:5      | Noticed a scorpion
   283 | D:4      | Found Qezomyeg's General Store.
   303 | D:4      | Bought a potion of curing for 36 gold pieces
   415 | D:4      | Reached XP level 2. HP: 24/25 MP: 4/4
   589 | D:4      | Reached XP level 3. HP: 18/30 MP: 5/5
  1255 | D:2      | Reached XP level 4. HP: 32/37 MP: 6/6
  2360 | D:1      | Reached skill level 5 in Short Blades
  2460 | D:1      | Reached XP level 5. HP: 42/42 MP: 7/7
  2992 | D:1      | Learned a level 1 spell: Slow
  2996 | D:1      | Learned a level 3 spell: Confusing Touch
  3203 | D:4      | Reached skill level 1 in Hexes
  3380 | D:4      | Found a staircase to the Ecumenical Temple.
  3400 | D:4      | Bought a scroll of fear for 48 gold pieces
  3400 | D:4      | Bought a scroll of immolation for 48 gold pieces
  3515 | D:4      | Found Okhlidghics's General Store.
  3523 | D:4      | Bought a scroll of identify for 22 gold pieces
  3549 | D:5      | Noticed an ogre
  3710 | D:5      | Noticed Ijyb
  3732 | D:5      | Killed Ijyb
  3911 | D:5      | Reached XP level 6. HP: 44/50 MP: 8/8
  4171 | D:5      | Identified the +1 leather armour of Melancholy {rPois rC+
                  | rN++ Str-5}
  4337 | D:5      | Noticed Edmund
  4344 | D:5      | Killed Edmund
  4576 | D:5      | Reached XP level 7. HP: 56/56 MP: 9/9
  4749 | D:6      | Noticed Menkaure
  4803 | D:6      | Noticed a wyvern
  4812 | D:6      | Killed a wyvern
  4928 | D:6      | Reached XP level 8. HP: 62/62 MP: 10/10
  5020 | D:6      | Noticed Grinder
  5034 | D:6      | Killed Grinder
  5499 | D:6      | Killed Menkaure
  5500 | D:6      | Reached skill level 5 in Hexes
  5835 | D:7      | Found a runed translucent door.
  5836 | D:7      | Noticed Crazy Yiuf
  6299 | D:7      | Noticed Pikel
  6316 | D:7      | Killed Pikel
  6317 | D:7      | Reached skill level 3 in Fighting
  6317 | D:7      | Reached skill level 1 in Spellcasting
  6317 | D:7      | Reached XP level 9. HP: 65/70 MP: 9/14
  6796 | D:7      | Killed Crazy Yiuf
  7831 | D:8      | Reached skill level 4 in Fighting
  7831 | D:8      | Reached skill level 10 in Short Blades
  8879 | D:9      | Found a staircase to the Lair.
  8892 | D:9      | Reached XP level 10. HP: 54/80 MP: 9/18
  9043 | D:9      | Reached skill level 5 in Fighting
  9433 | D:9      | Noticed a green ugly thing
  9445 | D:9      | Killed a green ugly thing
  9446 | D:9      | Reached skill level 6 in Fighting
  9446 | D:9      | Reached skill level 5 in Spellcasting
  9473 | D:9      | Noticed a cyclops
  9920 | D:9      | Killed a cyclops
  9921 | D:9      | Reached skill level 7 in Fighting
 10102 | D:10     | Entered Level 10 of the Dungeon
 10156 | D:10     | Noticed a manticore
 10179 | D:10     | Killed a manticore
 10244 | D:10     | Noticed a white ugly thing
 10351 | D:10     | Noticed Erica
 10605 | D:10     | Reached XP level 11. HP: 92/92 MP: 20/24
 10906 | D:10     | Got the Tome of the Flamy Excursion
 10986 | D:10     | Killed Erica
 10987 | D:10     | Reached skill level 8 in Fighting
 11113 | D:4      | Bought a scroll of poison for 44 gold pieces
 11252 | Lair:1   | Entered Level 1 of the Lair of Beasts
 11407 | Lair:1   | Noticed a death yak
 11430 | Lair:1   | Noticed a death yak
 11449 | Lair:1   | Noticed a death yak
 11480 | D:9      | Killed a death yak
 11591 | D:9      | Killed a death yak
 11689 | Lair:1   | Killed a death yak
 12138 | Lair:1   | Reached skill level 9 in Fighting
 12393 | Lair:2   | You fall into a shaft and drop 2 floors!
 12500 | Lair:2   | Found a frozen archway.
 12505 | Lair:2   | Noticed Fannar
 12529 | IceCv    | Entered an ice cave
 13896 | IceCv    | Reached skill level 10 in Fighting
 14804 | IceCv    | Noticed a bog body
 14804 | IceCv    | Noticed a necromancer
 14807 | IceCv    | Killed a bog body
 14809 | IceCv    | Killed a necromancer
 14975 | Lair:2   | Killed Fannar
 15302 | Lair:2   | Reached XP level 12. HP: 92/108 MP: 23/28
 15658 | Lair:2   | Reached skill level 11 in Fighting
 15961 | Lair:2   | Reached skill level 5 in Dodging
 16521 | Lair:2   | Found a staircase to the Shoals.
 16740 | Lair:3   | Learned a level 4 spell: Fulminant Prism
 16957 | Lair:3   | Noticed Urug
 16989 | Lair:3   | Killed Urug
 17240 | Lair:3   | Found a staircase to the Snake Pit.
 17464 | Lair:3   | Noticed a six-headed hydra
 17477 | Lair:3   | Killed a one-headed hydra
 18903 | Lair:4   | Found a runed translucent door.
 18957 | Lair:4   | Reached skill level 12 in Fighting
 19031 | Lair:4   | Reached skill level 10 in Hexes
 19031 | Lair:4   | Reached XP level 13. HP: 36/116 MP: 0/29
 19853 | Lair:4   | Found a staircase to the Slime Pits.
 20297 | Lair:5   | Entered Level 5 of the Lair of Beasts
 20395 | Lair:5   | Found a dark tunnel.
 20487 | Volcano  | Entered a volcano
 21419 | Lair:4   | Learned a level 3 spell: Swiftness
 21599 | Lair:5   | Learned a level 2 spell: Ensorcelled Hibernation
 22837 | Lair:5   | Identified the +1 leather armour "Momo" {rF- Dex+5 Slay+5}
 23051 | Lair:5   | Noticed a dire elephant
 23051 | Lair:5   | Noticed a dire elephant
 23051 | Lair:5   | Noticed a dire elephant
 23052 | Lair:5   | Noticed a dire elephant
 23273 | Lair:5   | Killed a dire elephant
 23406 | Lair:5   | Reached skill level 13 in Fighting
 23649 | Lair:5   | HP: 6/122 [elephant (11)]
 24202 | Lair:5   | Killed a dire elephant
 24554 | Lair:5   | Killed a dire elephant
 24555 | Lair:5   | Reached XP level 14. HP: 72/122 MP: 15/30
 26037 | D:11     | Learned a level 2 spell: Wereblood
 26041 | D:11     | Learned a level 3 spell: Mephitic Cloud
 26821 | D:12     | Reached skill level 1 in Evocations
 27371 | D:12     | Found a staircase to the Orcish Mines.
 28038 | D:13     | Reached skill level 14 in Fighting
 29024 | D:13     | Reached skill level 10 in Dodging
 30499 | D:14     | Identified the +9 spear "Demonbane" {holy, Will+}
 31050 | D:14     | Found a gate to the Vaults.
 31258 | Orc:1    | Entered Level 1 of the Orcish Mines
 31324 | Orc:2    | Entered Level 2 of the Orcish Mines
 31386 | Orc:2    | Found Galosk's General Store.
 31400 | Orc:2    | Reached skill level 5 in Evocations
 31455 | Orc:2    | Noticed an orc warlord
 31601 | Orc:1    | Killed an orc warlord
 32126 | Orc:2    | Found Molur's Jewellery Emporium.
 32223 | Orc:2    | Found Weod's Antique Armour Shoppe.
 32262 | Orc:2    | Reached XP level 15. HP: 133/139 MP: 24/31
 32290 | Orc:2    | Bought an embroidered cloak for 232 gold pieces
 32643 | Orc:2    | Found Yxzuoruk's Antique Weapon Shoppe.
 32647 | Orc:2    | Found a staircase to the Elven Halls.
 32651 | Orc:2    | Bought a brightly glowing rapier for 234 gold pieces
 32651 | Orc:2    | Identified the +2 rapier of Xil Vuun {vorpal, Str+3} (You
                  | bought it in a shop on level 2 of the Orcish Mines)
 33105 | Orc:1    | Found Pawkesh's Antique Weapon Boutique.
 33718 | Snake:1  | Entered Level 1 of the Snake Pit
 33739 | Snake:1  | Reached skill level 15 in Fighting
 34371 | Snake:1  | Noticed Aizul
 35187 | Snake:1  | Noticed Asterion
 35376 | Snake:1  | Killed Asterion
 35843 | Snake:1  | Killed Aizul
 36244 | Snake:2  | Noticed Vashnia
 36512 | Snake:2  | Found Kofiku's General Store.
 36522 | Snake:2  | Bought a scroll of teleportation for 48 gold pieces
 36522 | Snake:2  | Bought a scroll of identify for 32 gold pieces
 36522 | Snake:2  | Bought a potion of curing for 48 gold pieces
 36822 | Snake:2  | Noticed a nagaraja
 36860 | Snake:2  | Killed a nagaraja
 37724 | Shoals:1 | Entered Level 1 of the Shoals
 37814 | Shoals:1 | Learned a level 3 spell: Dazzling Flash
 37823 | Shoals:1 | Learned a level 8 spell: Discord
 37856 | Shoals:1 | HP: 6/141 [harpy (7)]
 39419 | D:4      | Bought the +11 falchion "Zetteemp" {drain, rCorr Str+5} for
                  | 918 gold pieces
 39744 | Shoals:1 | Found Qimel's Book Emporium.
 39761 | Shoals:1 | Bought a book of Misfortune for 364 gold pieces
 40466 | Shoals:2 | Noticed Nikola
 40545 | Shoals:2 | HP: 5/143 [Nikola/+0 rapier of electrocution (12)]
 40550 | Shoals:2 | HP: 5/143 [Nikola/+0 rapier of electrocution (8)]
 40550 | Shoals:2 | Mangled by Nikola

Illustrated notes

Levels and vault maps discovered:
D:1:      dpeg_arrival_concentric_ovals, layout_basic,
          dreamdust_ecumenical_altar_sealed_demon
D:2:      layout_basic, serial_bayou_ford_a, minmay_pentomino_z4
D:3:      minmay_angry_zag, layout_rooms, nicolae_ru_sacrificial_ziggurat
D:4:      layout_rooms, minmay_temple_entry_sparse_star, serial_shops, shop,
          shop, minmay_ruined_shrine
D:5:      layout_loops_ring, dk_noncrumbling_2, corexii_hall_statues_x,
          hangedman_decor_diamond_cutter, nrook_campfire,
          minmay_misc_feat_nine_boxes, hex_tiny, uniq_edmund, uniq_ijyb
D:6:      layout_loops_ring, uniq_menkaure, uniq_grinder
D:7:      layout_loops_corners, uniq_crazy_yiuf_cottage, uniq_pikel
D:8:      layout_loops_ring, minmay_overflow_temple_star_hex
D:9:      layout_cave_pools, grunt_lair_entry_orc_guard_hut, nzn_random_ring
D:10:     kennysheep_big_flooded_room, layout_cave_pods, old_standard_altar,
          minivault_5, uniq_erica
D:11:     layout_gridville
D:12:     layout_cave_pods, zombieorc2_lemuel, minmay_misc_feat_more_columns,
          vehumet_crystals
D:13:     layout_basic, chequers_garden, nrook_mini_backslash,
          minmay_misc_feat_tower, fungi_pond_lemuel,
          minmay_misc_feat_four_crosses
D:14:     layout_rooms, hangedman_vaults_entry_quadrant_bands, nicolae_wwwww
Lair:1:   layout_roguey, serial_bayou_shore_b, grunt_megastairs_5,
          serial_bayou_shore_a
Lair:2:   layout_roguey, minmay_shoals_entry_hut,
          portal_ice_cave_entry_pillars_2, cheibrodos_lair_lostbears,
          infiniplex_staircase_pool_2, serial_bayou_shore_b, uniq_fannar
Lair:3:   layout_gridlike, minmay_snake_entry_guardpost_medium,
          infiniplex_staircase_pool, uniq_urug
Lair:4:   cheibrodos_magma_flow, layout_small_grid, slime_entry_2,
          beast_lair_carwin_7, grunt_megastairs_3
Lair:5:   due_jungle_book, layout_layer_cave, nicolae_volcano_entry_hallway
Shoals:1: layout_shoals, serial_shops, nicolae_shop_hallway_stairs
Shoals:2: cheibrodos_shoals_gigantism, layout_shoals, uniq_nikola
Shoals:3: layout_shoals, nicolae_shoals_lost_giant_hut, uniq_louise
Snake:1:  layout_basic, grunt_ministairs_9, lemuel_fruit_tree, uniq_asterion,
          uniq_aizul
Snake:2:  layout_grid_maze, serial_shops, shop, drop_trap, uniq_vashnia
Orc:1:    layout_diamond_mine, serial_shops, nicolae_shop_crystal
Orc:2:    grunt_orc_gardens, layout_diamond_mine, grunt_orc_garden,
          grunt_orc_garden, grunt_orc_garden, grunt_orc_garden

Skill      XL: |  1  2  3  4  5  6  7  8  9 10 11 12 13 14 15 |
---------------+----------------------------------------------+-----
Short Blades   | 2 3 4 5 6 8 9 10 | 10.0
Hexes          | 1 2 4 5 7 8 10 12 13 | 13.1
Fighting       | 3 4 7 10 12 13 14 15 | 15.8
Spellcasting   | 1 3 6 8 |  8.0
Dodging        | 3 7 8 11 12 | 12.0
Evocations     | 5 8 |  8.0
Stealth        | |  4.5

Action                   |  1- 3 |  4- 6 |  7- 9 | 10-12 | 13-15 || total
-------------------------+-------+-------+-------+-------+-------++-------
Melee: Short sword       |    72 |   134 |   344 |  1011 |  2569 ||  4130
       Punch             |       |     1 |     4 |    24 |    67 ||    96
       Dagger            |       |       |    50 |   105 |   238 ||   393
       Scimitar          |       |       |       |    32 |    25 ||    57
       Rapier            |       |       |       |       |   194 ||   194
       Falchion          |       |       |       |       |    64 ||    64
 Fire: Sling             |     4 |    15 |     3 |       |       ||    22
Throw: Javelin           |     2 |     1 |     3 |     1 |       ||     7
       Boomerang         |       |       |     9 |    52 |    26 ||    87
       Throwing net      |       |       |     2 |     2 |     1 ||     5
       Dart              |       |       |       |       |     1 ||     1
 Cast: Confusing Touch   |       |       |    13 |    87 |   199 ||   299
       Slow              |       |       |    13 |    44 |    37 ||    94
       Fulminant Prism   |       |       |       |     5 |    12 ||    17
       Ensorcelled Hiber |       |       |       |       |    31 ||    31
       Mephitic Cloud    |       |       |       |       |    18 ||    18
       Wereblood         |       |       |       |       |     7 ||     7
Evoke: Wand              |       |     4 |       |     2 |     9 ||    15
       Phial of floods   |       |       |       |       |     1 ||     1
  Use: Scroll            |     1 |       |       |    15 |    21 ||    37
       Potion            |       |       |       |     1 |    15 ||    16
 Stab: Sleeping          |     7 |    12 |    10 |    16 |    24 ||    69
       Paralysed         |       |     1 |       |       |     2 ||     3
       Confused          |       |       |    11 |   106 |   317 ||   434
       Held in net/web   |       |       |     1 |     2 |     3 ||     6
       Distracted        |       |       |       |       |     2 ||     2
       Invisible         |       |       |       |       |     9 ||     9
Armor: Leather armour    |    21 |    27 |    29 |    15 |     8 ||   100
       Troll leather arm |       |       |     7 |    66 |   279 ||   352
       Robe              |       |       |       |     1 |       ||     1
Dodge: Dodged            |    29 |    56 |   110 |   241 |  1228 ||  1664

Table legend: (Time is in decaauts)
 A = Elapsed time spent in this place.
 B = Non-inter-level travel time spent in this place.
 C = Inter-level travel time spent in this place.
 D = Time resting spent in this place.
 E = Time spent auto-exploring this place.
 F = Levels seen in this place.
 G = Mean time per level.
                   A        B        C        D        E       F      G
               +--------+--------+--------+--------+--------+-----+--------+
         Total |  37884 |  35361 |   2523 |   7453 |  18517 |  28 | 1353.0 |
       Dungeon |  17090 |  15669 |   1421 |   1736 |  10161 |  14 | 1220.7 |
          Lair |  10471 |   9748 |    723 |   1982 |   5200 |   5 | 2094.2 |
        Shoals |   2501 |   2421 |     80 |    900 |    796 |   3 |  833.7 |
     Snake Pit |   3064 |   2865 |    199 |   1051 |    962 |   2 | 1532.0 |
  Orcish Mines |   2002 |   1904 |     98 |    399 |    875 |   2 | 1001.0 |
      Ice Cave |   2335 |   2335 |      0 |   1362 |    368 |   1 | 2335.0 |
       Volcano |    419 |    419 |      0 |     21 |    154 |   1 |  419.0 |
               +--------+--------+--------+--------+--------+-----+--------+

Top non-repeatable levels by time:
  Lair:4: 3343 daAuts
  Lair:5: 2930 daAuts
   IceCv: 2335 daAuts
     D:9: 2201 daAuts
Shoals:1: 2155 daAuts
    D:13: 1814 daAuts
 Snake:1: 1678 daAuts
  Lair:2: 1576 daAuts
  Lair:3: 1521 daAuts
     D:5: 1462 daAuts
     D:8: 1413 daAuts
 Snake:2: 1386 daAuts
     D:7: 1339 daAuts
   Orc:1: 1267 daAuts
    D:12: 1236 daAuts
